NCAA
MICHIGAN WOLVERINES @ GEORGIA BULLDOGS
04/04/2026
 
TOP OF THE 1ST
Michigan Wolverines batting - Pitching for Georgia Bulldogs : LHP Peter Sullivan
Pitching: LHP Peter Sullivan
Batting: RHB Mark Brewer 0-0: Fly out, F8 (Flyball, 8RM)
Batting: RHB Larry Rice 0-0: Ball
1-0: Ball
2-0: Called Strike
2-1: Ball
3-1: Base on Balls
Batting: RHB Bill Davis 0-0: Ball
1-0: Foul Ball, location: 2F
1-1: Ball
2-1: Foul Ball, location: 2F
2-2: Foul Ball, location: 2F
2-2: Ball
3-2: Strikes out swinging
Batting: RHB Danny Chávez 0-0: Ball
1-0: Ball
2-0: Foul Ball, location: 2F
2-1: Ground out U3 (Groundball, 3S)
Top of the 1st over - 0 run(s), 0 hit(s), 0 error(s), 1 left on base; Michigan 0 - Georgia 0
BOTTOM OF THE 1ST
Georgia Bulldogs batting - Pitching for Michigan Wolverines : RHP Jacob Coleman
Pitching: RHP Jacob Coleman
Batting: LHB Sandro Márquez 0-0: Ball
1-0: Called Strike
1-1: Ball
2-1: Ground out U3 (Groundball, 3S)
Batting: LHB Merrill Erickson 0-0: SOLO HOME RUN (Flyball, 9LD), Distance : 316 ft
Batting: RHB Juan Estrada 0-0: Ball
1-0: Called Strike
1-1: Called Strike
1-2: Foul Ball, location: 2F
1-2: SOLO HOME RUN (Line Drive, 78XD), Distance : 366 ft
Batting: RHB Tom Stoltz 0-0: Called Strike
0-1: Ball
1-1: Ball
2-1: Ball
3-1: Foul Ball, location: 2F
3-2: Base on Balls
Batting: LHB Mike White 0-0: Fielders Choice at 2nd, 4-6 (Groundball, 34)
Batting: RHB Michael Stevenson 0-0: Called Strike
Mike White steals 2nd base
0-1: Swinging Strike
0-2: Strikes out looking
Bottom of the 1st over - 2 run(s), 2 hit(s), 0 error(s), 1 left on base; Michigan 0 - Georgia 2
TOP OF THE 2ND
Michigan Wolverines batting - Pitching for Georgia Bulldogs : LHP Peter Sullivan
Batting: RHB Jake Brown 0-0: Ball
1-0: Called Strike
1-1: Foul Ball, location: 2F
1-2: Strikes out swinging
Batting: LHB Danny Taylor 0-0: Called Strike
0-1: Swinging Strike
0-2: Fly out, F7 (Flyball, 7M)
Batting: RHB Bryan Koonts 0-0: Swinging Strike
0-1: Ball
1-1: Ball
2-1: Fly out, F6 (Popup, 4M)
Top of the 2nd over - 0 run(s), 0 hit(s), 0 error(s), 0 left on base; Michigan 0 - Georgia 2
BOTTOM OF THE 2ND
Georgia Bulldogs batting - Pitching for Michigan Wolverines : RHP Jacob Coleman
Batting: SHB Jean-François St-Amant 0-0: Ball
1-0: Called Strike
1-1: SINGLE (Line Drive, 6MD)
Batting: RHB Mario Barker 0-0: SINGLE (Groundball, 6M)
Jean-François St-Amant to second
Batting: LHB Artie Connor 0-0: Called Strike
0-1: Ground out 4-3 (Groundball, 4S)
Jean-François St-Amant to third
Mario Barker to second
Batting: LHB Sandro Márquez 0-0: Called Strike
0-1: Foul Ball, location: 2F
0-2: Foul Ball, location: 2F
0-2: Ground out 4-3 (Groundball, 4)
Jean-François St-Amant scores
Mario Barker to third
Batting: LHB Merrill Erickson 0-0: Ball
1-0: Ball
2-0: Ball
3-0: Called Strike
3-1: Called Strike
3-2: SINGLE (Line Drive, 34)
Mario Barker scores
Batting: RHB Juan Estrada 0-0: Called Strike
0-1: SINGLE (Flyball, 9LS)
Merrill Erickson to second
Batting: RHB Tom Stoltz 0-0: Ball
1-0: Foul Ball, location: 2F
1-1: SINGLE (Groundball, 4MD)
Merrill Erickson to third
Juan Estrada to second
Runner from 3rd tries for Home, SAFE, no throw or cutoff
Batting: LHB Mike White 0-0: Swinging Strike
0-1: Foul Ball, location: 2F
0-2: Ball
1-2: Foul Ball, location: 2F
1-2: SINGLE (Line Drive, 6MD)
Juan Estrada to third
Tom Stoltz to second
Runner from 3rd tries for Home, SAFE, no throw or cutoff
Batting: RHB Michael Stevenson 0-0: Ball
Wild Pitch!
Tom Stoltz to third
Mike White to second
1-0: DOUBLE (Line Drive, 9LS)
Tom Stoltz scores
Mike White scores
Batting: SHB Jean-François St-Amant 0-0: Foul Ball, location: 2F
0-1: Fly out, F8 (Flyball, 8LXD)
Bottom of the 2nd over - 6 run(s), 7 hit(s), 0 error(s), 1 left on base; Michigan 0 - Georgia 8
TOP OF THE 3RD
Michigan Wolverines batting - Pitching for Georgia Bulldogs : LHP Peter Sullivan
Batting: SHB Dan Baldwin 0-0: Ball
1-0: Called Strike
1-1: Called Strike
1-2: SINGLE (Flyball, 6MD)
Batting: RHB Mel Wells 0-0: Foul Ball, location: 2F
0-1: Ball
1-1: Swinging Strike
1-2: Strikes out swinging
Batting: RHB Mark Brewer 0-0: Ball
1-0: Ball
2-0: Ball
3-0: Called Strike
3-1: Foul Ball, location: 2F
3-2: DOUBLE (Flyball, 7LM)
Dan Baldwin to third
Runner from 3rd tries for Home, throw and OUT!
Mark Brewer to third
Batting: RHB Larry Rice 0-0: Ball
1-0: Called Strike
1-1: Foul Ball, location: 2F
1-2: Foul Ball, location: 2F
1-2: Ball
2-2: Ball
3-2: Foul Ball, location: 2F
3-2: Base on Balls
Batting: RHB Bill Davis 0-0: Called Strike
0-1: Swinging Strike
0-2: Strikes out swinging
Top of the 3rd over - 0 run(s), 2 hit(s), 0 error(s), 2 left on base; Michigan 0 - Georgia 8
BOTTOM OF THE 3RD
Georgia Bulldogs batting - Pitching for Michigan Wolverines : RHP Jacob Coleman
Batting: RHB Mario Barker 0-0: Called Strike
0-1: Ground out 4-3 (Groundball, 4M)
Batting: LHB Artie Connor 0-0: Called Strike
0-1: Ball
1-1: Foul Ball, location: 2F
1-2: SINGLE (Groundball, 3D)
Pitching: RHP Christian Holloway
Batting: LHB Sandro Márquez 0-0: Ball
1-0: Hit by Pitch
Artie Connor to second
Batting: LHB Merrill Erickson 0-0: Called Strike
0-1: Foul Ball, location: 2F
0-2: Foul Ball, location: 2F
0-2: Ball
1-2: Ball
2-2: Ball
3-2: Base on Balls
Artie Connor to third
Sandro Márquez to second
Batting: RHB Juan Estrada 0-0: Called Strike
0-1: Called Strike
0-2: Fly out, F3 (Popup, 3DF)
Batting: RHB Tom Stoltz 0-0: Called Strike
0-1: Ball
1-1: Ball
2-1: DOUBLE (Flyball, 8RM)
Artie Connor scores
Sandro Márquez scores
Merrill Erickson to third
Batting: LHB Mike White 0-0: Ball
1-0: Ball
2-0: Fly out, F8 (Line Drive, 8RM)
Bottom of the 3rd over - 2 run(s), 2 hit(s), 0 error(s), 2 left on base; Michigan 0 - Georgia 10
TOP OF THE 4TH
Michigan Wolverines batting - Pitching for Georgia Bulldogs : LHP Peter Sullivan
Batting: RHB Danny Chávez 0-0: Called Strike
0-1: Ball
1-1: Foul Ball, location: 2F
1-2: Ball
2-2: Foul Ball, location: 2F
2-2: Foul Ball, location: 2F
2-2: Foul Ball, location: 2F
2-2: DOUBLE (Line Drive, 9LD)
Batting: RHB Jake Brown 0-0: Ball
1-0: Called Strike
1-1: Called Strike
1-2: Fly out, F8 (Flyball, 8RM)
1-2: Lined into DP, 8-6 (Flyball, 8RM)
Batting: LHB Danny Taylor 0-0: Called Strike
0-1: Called Strike
0-2: Ball
1-2: Ball
2-2: Strikes out swinging
Top of the 4th over - 0 run(s), 1 hit(s), 0 error(s), 0 left on base; Michigan 0 - Georgia 10
BOTTOM OF THE 4TH
Georgia Bulldogs batting - Pitching for Michigan Wolverines : RHP Christian Holloway
Batting: RHB Michael Stevenson 0-0: Foul Ball, location: 2F
0-1: Ground out 1-3 (Groundball, 25)
Batting: SHB Jean-François St-Amant 0-0: Ball
1-0: Swinging Strike
1-1: Ball
2-1: Ball
3-1: Swinging Strike
3-2: SOLO HOME RUN (Flyball, 9D), Distance : 342 ft
Batting: RHB Mario Barker 0-0: Ball
1-0: Ball
2-0: Ball
3-0: Base on Balls
Batting: LHB Artie Connor 0-0: Ground out 4-3 (Groundball, 13)
Mario Barker to second
Batting: LHB Sandro Márquez 0-0: Ball
1-0: Foul Ball, location: 2F
1-1: Foul Ball, location: 2F
1-2: Ball
2-2: Foul Ball, location: 2F
2-2: Ball
3-2: Base on Balls
Batting: LHB Merrill Erickson 0-0: 3-RUN HOME RUN (Flyball, 9D), Distance : 343 ft
Pitching: RHP Millard Black
Batting: RHB Juan Estrada 0-0: Foul Ball, location: 2F
0-1: Ball
1-1: Ball
2-1: Swinging Strike
2-2: Ground out 6-3 (Groundball, 6)
Bottom of the 4th over - 4 run(s), 2 hit(s), 0 error(s), 0 left on base; Michigan 0 - Georgia 14
TOP OF THE 5TH
Michigan Wolverines batting - Pitching for Georgia Bulldogs : LHP Peter Sullivan
Batting: RHB Bryan Koonts 0-0: Ball
1-0: Ground out 6-3 (Groundball, 6)
Batting: SHB Dan Baldwin 0-0: Called Strike
0-1: Ball
1-1: Foul Ball, location: 2F
1-2: Foul Ball, location: 2F
1-2: Fly out, F4 (Popup, 4M)
Batting: RHB Mel Wells 0-0: Ball
1-0: Fly out, F9 (Flyball, 9M)
Top of the 5th over - 0 run(s), 0 hit(s), 0 error(s), 0 left on base; Michigan 0 - Georgia 14
BOTTOM OF THE 5TH
Georgia Bulldogs batting - Pitching for Michigan Wolverines : RHP Millard Black
Batting: RHB Tom Stoltz 0-0: Called Strike
0-1: Ball
1-1: Ball
2-1: Ball
3-1: Foul Ball, location: 2F
3-2: Ground out 6-3 (Groundball, 6)
Batting: LHB Mike White 0-0: Ball
1-0: Ball
2-0: Ball
3-0: Called Strike
3-1: Base on Balls
Batting: RHB Michael Stevenson 0-0: Called Strike
0-1: Swinging Strike
0-2: Ground out 5-3 (Groundball, 56S)
Mike White to second
Batting: SHB Jean-François St-Amant 0-0: SINGLE (Line Drive, 9S)
Mike White to third
Runner from 3rd tries for Home, SAFE, no throw or cutoff
Batting: RHB Mario Barker 0-0: Foul Ball, location: 2F
0-1: Ball
1-1: Ball
2-1: Ball
3-1: Base on Balls
Jean-François St-Amant to second
Batting: LHB Artie Connor 0-0: Fly out, F7 (Flyball, 7M)
Bottom of the 5th over - 1 run(s), 1 hit(s), 0 error(s), 2 left on base; Michigan 0 - Georgia 15
TOP OF THE 6TH
Michigan Wolverines batting - Pitching for Georgia Bulldogs : LHP Peter Sullivan
Batting: RHB Mark Brewer 0-0: Called Strike
0-1: Ball
1-1: Foul Ball, location: 2F
1-2: SINGLE (Groundball, 56) (infield hit)
Pitching: RHP Leo Watts
Batting: RHB Larry Rice 0-0: Ball
1-0: SINGLE (Line Drive, 5)
Mark Brewer to second
Batting: RHB Bill Davis 0-0: Ball
1-0: Called Strike
Mark Brewer is caught stealing 3rd base
Larry Rice to second
1-1: Fly out, F4 (Popup, 4M)
Batting: RHB Danny Chávez 0-0: Fly out, F9 (Flyball, 9LM)
Top of the 6th over - 0 run(s), 2 hit(s), 0 error(s), 1 left on base; Michigan 0 - Georgia 15
BOTTOM OF THE 6TH
Georgia Bulldogs batting - Pitching for Michigan Wolverines : RHP Millard Black
Batting: LHB Sandro Márquez 0-0: SINGLE (Groundball, 3L)
Batting: LHB Merrill Erickson 0-0: Ball
Sandro Márquez steals 2nd base
1-0: Called Strike
1-1: Foul Ball, location: 2F
1-2: Ball
2-2: Foul Ball, location: 2F
2-2: Ball
3-2: Base on Balls
Pitching: RHP Jack Hines
Batting: RHB Juan Estrada 0-0: Foul Ball, location: 2F
0-1: Foul Ball, location: 2F
0-2: Foul Ball, location: 2F
0-2: Ball
1-2: SINGLE (Line Drive, 3D)
Sandro Márquez to third
Merrill Erickson to second
Batting: RHB Tom Stoltz 0-0: Ball
1-0: Grounds into double play, 6-4-3 (Groundball, 6M)
Sandro Márquez scores
Merrill Erickson to third
Batting: LHB Mike White 0-0: Swinging Strike
0-1: Ball
1-1: Ball
2-1: Foul Ball, location: 2F
Balk!
Merrill Erickson scores
2-2: Ball
3-2: Base on Balls
Batting: RHB Michael Stevenson 0-0: Ball
1-0: Called Strike
1-1: Foul Ball, location: 2F
1-2: Ball
2-2: Ground out 6-3 (Groundball, 6)
Bottom of the 6th over - 2 run(s), 2 hit(s), 0 error(s), 1 left on base; Michigan 0 - Georgia 17
TOP OF THE 7TH
Michigan Wolverines batting - Pitching for Georgia Bulldogs : RHP Leo Watts
Batting: RHB Jake Brown 0-0: Ball
1-0: Ball
2-0: Called Strike
2-1: Ground out 6-3 (Groundball, 56)
Batting: LHB Danny Taylor 0-0: Swinging Strike
0-1: Foul Ball, location: 2F
0-2: Ball
1-2: Foul Ball, location: 2F
1-2: Ball
2-2: Foul Ball, location: 2F
2-2: Foul Ball, location: 2F
2-2: Ball
3-2: Ground out 4-3 (Groundball, 4)
Batting: RHB Bryan Koonts 0-0: SINGLE (Groundball, 56D)
Pinch Hitting: SHB Bill Smith 0-0: Called Strike
0-1: Fly out, F6 (Popup, 6M)
Top of the 7th over - 0 run(s), 1 hit(s), 0 error(s), 1 left on base; Michigan 0 - Georgia 17
BOTTOM OF THE 7TH
Georgia Bulldogs batting - Pitching for Michigan Wolverines : RHP Jack Hines
Now at 2B: Bill Smith
Batting: SHB Jean-François St-Amant 0-0: Foul Ball, location: 2F
0-1: Ball
1-1: Swinging Strike
1-2: Strikes out swinging
Batting: RHB Mario Barker 0-0: Ball
1-0: Ball
2-0: Ball
3-0: Base on Balls
Batting: LHB Artie Connor 0-0: SINGLE (Groundball, 4MD)
Mario Barker to second
Runner from 2nd tries for 3rd, SAFE, throw made to third
Batting: LHB Sandro Márquez 0-0: Called Strike
0-1: Swinging Strike
0-2: Foul Ball, location: 2F
0-2: Ball
1-2: Strikes out looking
Batting: LHB Merrill Erickson 0-0: Ball
1-0: Ball
2-0: Ball
3-0: Base on Balls
Artie Connor to second
Pinch Hitting: RHB Ernie Ross 0-0: Ball
1-0: Fly out, F9 (Flyball, 89M)
Bottom of the 7th over - 0 run(s), 1 hit(s), 0 error(s), 3 left on base; Michigan 0 - Georgia 17
TOP OF THE 8TH
Michigan Wolverines batting - Pitching for Georgia Bulldogs : RHP Leo Watts
Pitching: LHP Jack Brown
Now at 1B: Chris Whittier
Now at 3B: Ernie Ross
Batting: RHB Mel Wells 0-0: Ball
1-0: Ball
2-0: SINGLE (Flyball, 4D)
Batting: RHB Mark Brewer 0-0: Ball
1-0: Ball
2-0: SINGLE (Groundball, 6D)
Mel Wells to second
Batting: RHB Larry Rice 0-0: Foul Ball, location: 2F
0-1: Foul Ball, location: 2F
0-2: Ground out 4-3 (Groundball, 4M)
Mel Wells to third
Mark Brewer to second
Batting: RHB Bill Davis 0-0: Foul Ball, location: 2F
0-1: Fly out, F6 (Popup, 4M)
Batting: RHB Danny Chávez 0-0: Called Strike
0-1: Ball
1-1: Ball
2-1: Foul Ball, location: 2F
2-2: Foul Ball, location: 2F
2-2: Strikes out swinging
Top of the 8th over - 0 run(s), 2 hit(s), 0 error(s), 2 left on base; Michigan 0 - Georgia 17
BOTTOM OF THE 8TH
Georgia Bulldogs batting - Pitching for Michigan Wolverines : RHP Jack Hines
Batting: RHB Tom Stoltz 0-0: Foul Ball, location: 2F
0-1: Called Strike
0-2: Strikes out swinging
Batting: LHB Mike White 0-0: Ball
1-0: SINGLE (Groundball, 34D)
Batting: RHB Michael Stevenson
Pinch Hitting: RHB Ángel Torres 0-0: Ball
1-0: Ball
2-0: Foul Ball, location: 2F
2-1: Fly out, F8 (Flyball, 8LM)
Batting: SHB Jean-François St-Amant 0-0: Ball
1-0: SINGLE (Line Drive, 8LS)
Mike White to second
Pinch Hitting: RHB Juan Cruz 0-0: Ball
1-0: Ball
2-0: Ball
3-0: Base on Balls
Mike White to third
Jean-François St-Amant to second
Batting: LHB Artie Connor 0-0: Fly out, F7 (Flyball, 7LMF)
Bottom of the 8th over - 0 run(s), 2 hit(s), 0 error(s), 3 left on base; Michigan 0 - Georgia 17
TOP OF THE 9TH
Michigan Wolverines batting - Pitching for Georgia Bulldogs : LHP Jack Brown
Now at 2B: Juan Cruz
Now in LF: Nate Harrington
Batting: RHB Jake Brown 0-0: Ball
1-0: Called Strike
1-1: Ball
2-1: Ball
3-1: Foul Ball, location: 2F
3-2: Base on Balls
Batting: LHB Danny Taylor 0-0: Foul Ball, location: 2F
0-1: Ball
1-1: Foul Ball, location: 2F
1-2: Ball
2-2: SINGLE (Line Drive, 78S)
Jake Brown to second
Batting: RHB Bryan Koonts 0-0: Called Strike
0-1: Called Strike
0-2: Ground out 6-3 (Groundball, 6MS)
Jake Brown to third
Danny Taylor to second
Batting: SHB Bill Smith 0-0: Called Strike
0-1: Foul Ball, location: 2F
0-2: Ground out 4-3 (Groundball, 4M)
Jake Brown scores
Danny Taylor to third
Batting: RHB Mel Wells 0-0: Ball
1-0: Ground out 4-3 (Groundball, 34)
Top of the 9th over - 1 run(s), 1 hit(s), 0 error(s), 1 left on base; Michigan 1 - Georgia 17
Monday, December 5th, 2016 - OOTP Baseball 17.12 Build 75